 Dungeon Sprint DCSS version 0.26.1-2-gb8aa6d0cf2 (webtiles) character file.

Game seed: 16803623407918859056

49 Groucho the Sneak (level 3, -3/23 HPs)
             Began as an Octopode Transmuter on Feb 14, 2021.
             Slain by a water elemental (22 damage)
             ... in the Dungeon (Sprint III: "The Ten Rune Challenge").
             The game lasted 00:02:03 (324 turns).

Groucho the Sneak (Octopode Transmuter)              Turns: 324, Time: 00:02:03

Health: -3/23      AC:  1    Str:  9    XL:     3   Next: 75%
Magic:  8/8        EV: 13    Int: 15    God:
Gold:   28         SH:  0    Dex: 13    Spells: 5/9 levels left

rFire    . . .     SeeInvis .     - Unarmed
rCold    . . .     Faith    .   (no shield)
rNeg     . . .     Spirit   .   (helmet restricted)
rPois    .         Reflect  .   (no amulet)
rElec    .         Harm     .   (no ring)
rCorr    .         Rampage  .   (no ring)
Will     .....     NoTele   +   (no ring)
Stlth    ++++......             (no ring)
HPRegen  0.07/turn              (no ring)
MPRegen  0.11/turn              (no ring)
                                (no ring)
                                (no ring)

@: no status effects
A: almost no armour, stealthy swim, amphibious, 8 rings, constrict 8, antennae
1, beak, tentacle spike 1, camouflage 1, blurry vision 1, gelatinous body 1,
evolution 1
a: no special abilities


You were in the Dungeon.
You visited 1 branch You collected 28 gold pieces.

Inventory:

Scrolls
 a - a scroll of fear {unknown}
 g - a scroll of blinking
 h - a scroll of immolation {unknown}
 i - 4 scrolls of identify
 j - 3 scrolls of remove curse
 l - a scroll of torment {unknown}
Potions
 b - a potion of curing
 c - a potion of heal wounds
 d - 2 potions of haste
 e - 2 potions of magic
 f - a potion of berserk rage
 k - a potion of flight {unknown}


   Skills:
 - Level 1.0 Fighting
 - Level 2.0 Dodging
 + Level 4.8 Stealth
 + Level 4.6 Unarmed Combat
 + Level 3.6 Spellcasting
 + Level 3.9 Transmutations


You had 5 spell levels left.
You knew the following spells:

 Your Spells              Type           Power        Failure   Level
a - Beastly Appendage     Tmut           28%          3%          1
b - Spider Form           Tmut/Pois      4%           26%         3

Your spell library contained the following spells:

 Spells                   Type           Power        Failure   Level
 Wereblood                Tmut           14%          5%          2
 Ice Form                 Ice/Tmut       8%           63%         4
 Blade Hands              Tmut           7%           71%         5


Dungeon Overview and Level Annotations

Branches:
Dungeon (1/1)

Altars:


Innate Abilities, Weirdness & Mutations

You cannot wear most types of armour.
You are very stealthy in the water. (Stealth+)
You are amphibious.
You can wear up to eight rings at the same time.
You can use your tentacles to constrict eight enemies at once.
Your skin changes colour to match your surroundings (Stealth+).
Your rubbery body absorbs attacks. (AC +1, EV +1)
You have a pair of small antennae on your head.
You have a beak for a mouth.
One of your tentacles bears a spike.
Scrolls take you a little longer to read.
You evolve.


Message History

A water elemental comes into view.
There is an open door to the Ecumenical Temple here.
You closely miss the water elemental.
You peck the water elemental, but do no damage.
The water elemental barely misses you.
You tentacle-slap the water elemental.
The water elemental is lightly damaged.
The water elemental barely misses you.
You barely miss the water elemental.
You pierce the water elemental, but do no damage.
The water elemental is lightly damaged.
The water elemental hits you.
You tentacle-slap the water elemental. You squeeze the water elemental.
The water elemental is moderately damaged.
The water elemental barely misses you.
You tentacle-slap the water elemental but do no damage.
The water elemental is moderately damaged.
The water elemental hits you!!
Ouch! That really hurt!
You die...

▓▓▓▓▓▓▓▓▓ ▓▓▓
.#..'...♣♣♣♣ ♣.#
.#..#......♣ ♣.#
'####....♣♣♣ ♣♣.#{
....#....≈♣ ♣♣..###+#+##
†...#...≈≈♣♣♣.♣.#.......
...[#..≈≈≈≈.♣♣♣.@.⌠.....
###'#..≈≈≈≈≈≈♣♣.#E..####
.)..#.≈≈≈≈≈≈....#.⌠.#
....#.≈≈≈≈≈.....#...#
....#.≈≈≈.......#+###
#####...........#
................#
▓▓▓▓▓▓▓▓▓▓▓▓▓▓▓▓▓


You could see a water elemental.

Vanquished Creatures
  Jessica (D)
  A human (D)
  A phantom (D)
  2 rats (D)
5 creatures vanquished.

Notes
Turn   | Place    | Note
-------+----------+-------------------------------------------
     0 | D        | Groucho the Octopode Transmuter began the quest for the
                  | Orb.
     0 | D        | Reached XP level 1. HP: 13/13 MP: 3/3
    10 | D        | Reached skill level 1 in Stealth
    15 | D        | Noticed Jessica
    20 | D        | Killed Jessica
    21 | D        | Reached XP level 2. HP: 12/18 MP: 3/6
    21 | D        | Reached XP level 3. HP: 15/23 MP: 3/7
    31 | D        | Learned a level 3 spell: Spider Form
   275 | D        | Gained mutation: Scrolls take you a little longer to read.
                  | [potion of mutation]
   275 | D        | Gained mutation: Your body sometimes deteriorates upon
                  | taking damage. [potion of mutation]
   275 | D        | Gained mutation: One of your tentacles bears a spike.
                  | [potion of mutation]
   276 | D        | Lost mutation: Your body sometimes deteriorates upon taking
                  | damage. [potion of mutation]
   276 | D        | Lost mutation: Scrolls take you a little longer to read.
                  | [potion of mutation]
   276 | D        | Lost mutation: One of your tentacles bears a spike. [potion
                  | of mutation]
   276 | D        | Gained mutation: You are agile. (Dex +2) [potion of
                  | mutation]
   276 | D        | Gained mutation: You are partially covered in thin metallic
                  | scales. (AC +2) [potion of mutation]
   276 | D        | Gained mutation: You have a beak for a mouth. [potion of
                  | mutation]
   277 | D        | Lost mutation: You are agile. (Dex +2) [potion of mutation]
   277 | D        | Lost mutation: You are partially covered in thin metallic
                  | scales. (AC +2) [potion of mutation]
   277 | D        | Gained mutation: Your natural rate of healing is unusually
                  | fast. [potion of mutation]
   277 | D        | Gained mutation: Scrolls take you a little longer to read.
                  | [potion of mutation]
   277 | D        | Gained mutation: Scrolls take you longer to read. [potion
                  | of mutation]
   277 | D        | Gained mutation: You possess an exceptional clarity of
                  | mind. [potion of mutation]
   278 | D        | Lost mutation: Scrolls take you longer to read. [potion of
                  | mutation]
   278 | D        | Lost mutation: Scrolls take you a little longer to read.
                  | [potion of mutation]
   278 | D        | Lost mutation: You possess an exceptional clarity of mind.
                  | [potion of mutation]
   278 | D        | Gained mutation: You have a pair of small antennae on your
                  | head. [potion of mutation]
   278 | D        | Gained mutation: You are robust. (+10% HP) [potion of
                  | mutation]
   279 | D        | Lost mutation: Your natural rate of healing is unusually
                  | fast. [potion of mutation]
   279 | D        | Lost mutation: You are robust. (+10% HP) [potion of
                  | mutation]
   279 | D        | Gained mutation: Scrolls take you a little longer to read.
                  | [potion of mutation]
   279 | D        | Gained mutation: You evolve. [potion of mutation]
   279 | D        | Gained mutation: One of your tentacles bears a spike.
                  | [potion of mutation]
   318 | D        | Noticed a water elemental
   324 | D        | Slain by a water elemental

Illustrated notes

Levels and vault maps discovered:
D:        dungeon_sprint_mu [sprint_mu_entry_forest, sprint_mu_temple_rooms,
          sprint_mu_d1_horrors, sprint_mu_d2_genie, sprint_mu_d3_branching,
          sprint_mu_orc_legion, sprint_mu_elf_gauntlet, sprint_mu_hive_nellie,
          sprint_mu_lair_fedhas, sprint_mu_vaults_butterflies,
          sprint_mu_slime_circle, sprint_mu_swamp_cave, sprint_mu_shoals_archi,
          sprint_mu_blade_basic, sprint_mu_crypt_chambers,
          sprint_mu_tomb_spiral, sprint_mu_vestibule_basic,
          sprint_mu_gehenna_hellfire, sprint_mu_dis_giant,
          sprint_mu_tartarus_statrot, sprint_mu_cocytus_islands, sprint_mu_zot1]

Skill      XL: |  1 |
---------------+----+-----
Stealth        | 4 |  4.8
Unarmed Combat | 4 |  4.6
Spellcasting   | 3 |  3.6
Transmutations | 3 |  3.9
Fighting       | |  1.0
Dodging        | |  2.0

Action                   || total
-------------------------++-------
Melee: Unarmed           ||    23
       Kick              ||     6
       Constrict         ||     3
       Tentacles         ||     5
       Peck              ||     1
 Cast: Beastly Appendage ||     3
  Use: Potion            ||     5
 Stab: Sleeping          ||     2
Dodge: Dodged            ||    10
